 Dungeon Sprint DCSS version 0.30-a0-1160-g6e42c06551 (webtiles) character file.

Game seed: 10163760398543277873

377 fozzywoppz the Shield-Bearer (level 6, -4/49 HPs)
             Began as an Octopode Fighter on Apr 25, 2023.
             Was a Follower of Okawaru.
             Slain by a two-headed ogre
             ... wielding a +0 giant club
              (26 damage)
             ... in the Dungeon (Sprint IX: "|||||||||||||||||||||||||||||").
             The game lasted 00:01:26 (169 turns).

fozzywoppz the Shield-Bearer (Octopode Fighter)      Turns: 169, Time: 00:01:28

Health: -4/49      AC:  1    Str: 16    XL:     6   Next: 73%
Magic:  5/9        EV: 18    Int: 10    God:    Okawaru [*.....]
Gold:   0          SH:  6    Dex: 16    Spells: 5/5 levels left

rFire   . . .        o - +1 broad axe (freeze)
rCold   . . .        b - +0 buckler
rNeg    . . .        (helmet restricted)
rPois   .            (no amulet)
rElec   .            m - +2 ring of evasion
rCorr   .            n - +3 ring of dexterity
SInv    .            (no ring)
Will    .....        (no ring)
Stlth   ++           (no ring)
HPRegen 0.28/turn    (no ring)
MPRegen 0.11/turn    (no ring)
                     (no ring)

%: no teleportation
@: hasted, very quick
A: almost no armour, amphibious, 8 rings, camouflage 1, gelatinous body 1,
(nimble swimmer 1), tentacles
a: Renounce Religion, Heroism


You were in the Dungeon.
You worshipped Okawaru.
Okawaru was aware of your devotion.
You visited 1 branch

Inventory:

Hand Weapons
 a - a +0 war axe
 o - a +1 broad axe of freezing (weapon)
Armour
 b - a +0 buckler (worn)
Jewellery
 m - a +2 ring of evasion (left tentacle)
 n - a +3 ring of dexterity (right tentacle)
Wands
 l - a wand of roots (10)
Scrolls
 i - 2 scrolls of blinking
 k - 2 scrolls of amnesia
Potions
 c - a potion of might
 d - 5 potions of curing
 e - a potion of invisibility
 g - 4 potions of magic
 h - a potion of berserk rage
 j - 2 potions of heal wounds


   Skills:
 + Level 7.3 Fighting
 + Level 6.9 Axes
 + Level 7.2 Dodging
 + Level 7.3 Shields
 + Level 4.4 Invocations


You had 5 spell levels left.
You didn't know any spells.
Your spell library was empty.

Dungeon Overview and Level Annotations

Branches:
Dungeon (1/1)

Altars:
Cheibriados
Dithmenos
Elyvilon
Fedhas
Gozag
Hepliaklqana
Kikubaaqudgha
Makhleb
Nemelex Xobeh
Okawaru
Qazlal
Ru
Sif Muna
Trog
Uskayaw
Vehumet
Wu Jian
Xom
Yredelemnul
Zin
The Shining One
Jiyva
Lugonu


Innate Abilities, Weirdness & Mutations

You cannot wear most types of armour.
You are amphibious.
You can wear up to eight rings at the same time.
Your skin changes colour to match your surroundings (Stealth+).
Your rubbery body absorbs attacks. (AC +1, EV +1)
((You are camouflaged when in or above water. (Stealth+)))
You have tentacles for arms and can constrict up to eight enemies at once.


Message History

Your Axes skill increases to level 6!
Your Dodging skill increases to level 6!
Your Shields skill increases to level 6!
Your Invocations skill gained 2 levels and is now at level 2!
You have reached level 6!
The shadow misses you.
There is an open door to the Dungeon, spattered with blood here.
Things that are here:
a +0 shortbow; a centaur corpse You closely miss the shadow.
The shadow misses you.
The yak snorts and paws the ground.
You closely miss the shadow. You squeeze the shadow.
The shadow is lightly damaged.
The shadow completely misses you.
You barely miss the shadow.
The shadow is lightly damaged.
You closely miss the shadow. Your squeeze misses the shadow.
The shadow is lightly damaged.
The shadow hits you!
You hit the shadow but do no damage.
The shadow is lightly damaged.
The shadow hits you!
You hit the shadow.
The shadow is moderately damaged.
The shadow closely misses you.
You slash the shadow! You squeeze the shadow.
You destroy the shadow!
Okawaru is honoured by your kill.
You can now gain great but temporary skills.
Your Fighting skill increases to level 7!
Your Dodging skill increases to level 7!
Your Shields skill increases to level 7!
Your Invocations skill gained 2 levels and is now at level 4!
You slash the two-headed ogre! You freeze the two-headed ogre.
You squeeze the two-headed ogre.
The two-headed ogre is moderately wounded.
The two-headed ogre barely misses you.
The two-headed ogre hits you with a +0 giant club!!
Ouch! That really hurt!
You die... ▓▓▓▓▓▓▓▓▓▓▓▓▓▓▓▓▓▓▓▓▓▓▓▓ +.hY.YO@..[[[.)..'______ ▓▓▓▓▓▓▓▓▓▓▓▓▓▓▓▓▓▓▓▓▓▓▓▓

You could see a two-headed ogre, 2 yaks and a howler monkey.

Vanquished Creatures
  A shadow (D)
  A centaur (D)
  A phantom (D)
  A hound (D)
  An iguana (D)
  An adder (D)
  An orc (D)
  A bat (D)
  A hobgoblin (D)
  A quokka (D)
  A ball python (D)
  A rat (D)
12 creatures vanquished.

Notes
Turn   | Place    | Note
-------+----------+-------------------------------------------
     0 | D        | fozzywoppz the Octopode Fighter began the quest for the
                  | Orb.
     0 | D        | Reached XP level 1. HP: 16/16 MP: 1/1
    16 | D        | Noticed a phantom
    16 | D        | Noticed an iguana
    16 | D        | Noticed a hound
    19 | D        | Reached XP level 2. HP: 22/22 MP: 2/2
    21 | D        | Reached XP level 3. HP: 23/27 MP: 3/3
    23 | D        | Reached XP level 4. HP: 27/34 MP: 4/4
    41 | D        | Killed a phantom
    42 | D        | Reached skill level 5 in Fighting
    42 | D        | Reached skill level 5 in Axes
    42 | D        | Reached skill level 5 in Dodging
    42 | D        | Reached skill level 5 in Shields
    42 | D        | Reached XP level 5. HP: 22/41 MP: 5/5
    47 | D        | Found a snail-covered altar of Cheibriados.
    47 | D        | Found a shadowy altar of Dithmenos.
    47 | D        | Found a white marble altar of Elyvilon.
    47 | D        | Found a blossoming altar of Fedhas.
    47 | D        | Found an opulent altar of Gozag.
    48 | D        | Found a hazy altar of Hepliaklqana.
    49 | D        | Found a viscous altar of Jiyva.
    50 | D        | Found an ancient bone altar of Kikubaaqudgha.
    51 | D        | Found a corrupted altar of Lugonu.
    52 | D        | Found a burning altar of Makhleb.
    53 | D        | Found a sparkling altar of Nemelex Xobeh.
    54 | D        | Found an iron altar of Okawaru.
    55 | D        | Found a stormy altar of Qazlal.
    56 | D        | Found a sacrificial altar of Ru.
    57 | D        | Found a shimmering blue altar of Sif Muna.
    58 | D        | Found a bloodstained altar of Trog.
    59 | D        | Found a hide-covered altar of Uskayaw.
    60 | D        | Found a radiant altar of Vehumet.
    61 | D        | Found an ornate altar of the Wu Jian Council.
    62 | D        | Became a worshipper of Warmaster Okawaru
    63 | D        | Found a shimmering altar of Xom.
    64 | D        | Found a basalt altar of Yredelemnul.
    65 | D        | Found a glowing silver altar of Zin.
    66 | D        | Found a glowing golden altar of the Shining One.
   153 | D        | Noticed a yak
   153 | D        | Noticed a yak
   153 | D        | Noticed a two-headed ogre
   153 | D        | Noticed a shadow
   153 | D        | Noticed a centaur
   160 | D        | Killed a centaur
   161 | D        | Reached XP level 6. HP: 40/47 MP: 5/7
   168 | D        | Killed a shadow
   168 | D        | Reached * piety under Okawaru
   169 | D        | Slain by a two-headed ogre

Illustrated notes

Levels and vault maps discovered:
D:        linesprint [early_d, line_temple, items_1, d_10, items_2, lair_1,
          lair_end, items_3, orc_1, orc_end, items_4, d_15, swamp_1, shoals_1,
          snake_1, spider_1, d_20, vaults_1, items_5, swamp_end, shoals_end,
          snake_end, spider_end, vaults_end, d_27, items_6, zot_1, zot_end,
          crypt_end, forest_end, elf_end, slime_end, tomb_end, abyss_end,
          pan_hell_end]

Skill      XL: |  1  2  3  4  5  6 |
---------------+-------------------+-----
Axes           | 3 4 5 6 |  6.9
Fighting       | 4 5 6 7 |  7.3
Dodging        | 4 5 6 7 |  7.2
Shields        | 4 5 6 7 |  7.3
Invocations    | 2 4 |  4.4

Action                     |  1- 3 |  4- 6 || total
---------------------------+-------+-------++-------
  Melee: War axe           |    11 |    18 ||    29
         Tentacles         |     5 |     8 ||    13
         Constrict         |     3 |     1 ||     4
         Broad axe         |       |    14 ||    14
    Use: Potion            |       |     2 ||     2
   Stab: Sleeping          |     2 |       ||     2
 Armour: Skin              |     2 |       ||     2
  Dodge: Dodged            |     2 |    20 ||    22
  Block: Buckler           |     3 |     9 ||    12

Table legend: (Time is in decaauts)
 A = Elapsed time spent in this place.
 B = Non-inter-level travel time spent in this place.
 C = Inter-level travel time spent in this place.
 D = Time resting spent in this place.
 E = Time spent auto-exploring this place.
 F = Levels seen in this place.
 G = Mean time per level.
                   A        B        C        D        E       F      G
               +--------+--------+--------+--------+--------+-----+--------+
         Total |    175 |    175 |      0 |     43 |      0 |   1 |  175.0 |
       Dungeon |    175 |    175 |      0 |     43 |      0 |   1 |  175.0 |
               +--------+--------+--------+--------+--------+-----+--------+

Top non-repeatable levels by time:
       D: 175 daAuts
